 Dungeon Crawl Stone Soup version 0.31-a0-188-g5e087ee2ca (webtiles) character file.

Game seed: 6194227768891282905

216 qw the Skirmisher (level 5, -2/29 HPs)
             Began as a Deep Elf Hunter on June 23, 2023.
             Slain by an orc wizard
             ... wielding a +1 dagger of venom
              (4 damage)
             ... on level 3 of the Dungeon.
             The game lasted 00:01:14 (3076 turns).

qw the Skirmisher (Deep Elf Hunter)                 Turns: 3076, Time: 00:01:15

Health: -2/29      AC: 10    Str: 10    XL:     5   Next: 61%
Magic:  7/7        EV: 11    Int: 14    God:
Gold:   153        SH:  0    Dex: 18    Spells: 4/4 levels left

rFire   . . .        Y - +0 shortbow
rCold   . . .        (shield currently unavailable)
rNeg    . . .        a - +0 ring mail
rPois   .            j - +0 helmet
rElec   .            b - +2 cloak
rCorr   .            d - +0 pair of gloves
SInv    .            (no boots)
Will    .....        f - amulet of the acrobat
Stlth   +            (no ring)
HPRegen 0.24/turn    (no ring)
MPRegen 0.10/turn

%: acrobat
@: lethally poisoned (-2 -> -7), about to teleport
A: no striking features
a: no special abilities


You were on level 3 of the Dungeon.
You visited 1 branch of the dungeon, and saw 4 of its levels.

You collected 153 gold pieces.


   Skills:
 - Level 1.5 Fighting
 + Level 8.9 Ranged Weapons
 - Level 1.0 Armour
 - Level 2.4 Dodging
 - Level 1.2 Stealth


You had 4 spell levels left.
You didn't know any spells.
Your spell library was empty.

Inventory:

Hand Weapons
 Y - a +0 shortbow (weapon)
Armour
 a - a +0 ring mail (worn)
 b - a +2 cloak (worn)
 d - a +0 pair of gloves (worn)
 j - a +0 helmet (worn)
Jewellery
 f - an amulet of the acrobat (around neck)
Scrolls
 e - a scroll of identify
Potions
 g - a potion of enlightenment
 h - a potion of mutation
 i - a potion of brilliance {unknown}
 k - a potion of might {unknown}
 l - a potion of attraction {unknown}

Dungeon Overview and Level Annotations

Branches:
Dungeon (4/15)
 Temple: D:4-7

Altars:


Message History

You are poisoned.
Deactivating autopickup; reactivate with Ctrl-A.
In your confused state, you trip and fall back down the stairs.
You feel sick. Something hits you.
You are more poisoned.
You feel less confused.
You feel very sick. The orc misses you. Something completely misses you.
3071 ||| STAIRDANCE You feel sick.
The orc hits you but does no damage. Something hits you but does no damage.
You are more poisoned.
You climb upwards.
Reactivating autopickup.
You feel very sick.
There is a stone staircase leading down, spattered with blood here.
You shoot an arrow.
The arrow hits the orc but does no damage.
You feel sick. Something hits you.
You are lethally poisoned!
Deactivating autopickup; reactivate with Ctrl-A.
The orc hits you but does no damage.
Autopickup is now on.
You shoot an arrow. The arrow barely misses the orc.
You feel very sick.
You hear some strange, mumbled words.
Deactivating autopickup; reactivate with Ctrl-A.
Something tries to affect you, but you resist.
The orc closely misses you.
Autopickup is now on.
You shoot an arrow. The arrow closely misses the orc.
You feel sick.
You hear some strange, mumbled words.
A magic dart appears from out of thin air!
Deactivating autopickup; reactivate with Ctrl-A.
The magic dart hits you. The orc hits you but does no damage.
3076 ||| READING scroll of teleportation.
As you read the scroll of teleportation, it crumbles to dust.
You feel strangely unstable.
You feel sick. Something hits you.
You die...

#.......# #.# #.
#.#####.####.#####.
#.................. #######
#.......###...####. ......#####
#.########.....# #. ..........#
#.# ##...## #. .......#..# ##<##
##.## #. .......#..# ##.%{## #.#
## .......#..# #...@%# #.# #
.......#..# ##..o## ##+## #
....)..#..# #..## ##...## #
.......#..# #.### ##.....## #
..........# #.#.## ##.......###
#......)..####....####.........##
.........))..........+.........'.
#...#.#######.....####.........##
##.##.# #.#..## ##.......###


You could see an orc.

Vanquished Creatures
  An orc priest (D:4)
  Ijyb (D:3)
  Robin (D:2)
  4 adders
  3 worms
  2 dart slugs
  6 orcs
  7 bats
  3 endoplasms
  3 giant cockroaches
  19 goblins
  11 hobgoblins
  7 jackals
  4 kobolds
  3 quokkas
  4 ball pythons
  8 rats
87 creatures vanquished.

Notes
Turn   | Place    | Note
-------+----------+-------------------------------------------
     0 | D:1      | qw the Deep Elf Hunter began the quest for the Orb.
     0 | D:1      | Reached XP level 1. HP: 12/12 MP: 3/3
     0 | D:1      | 0 ||| qw: Version: 0.3-a-9-g12657ce
     0 | D:1      | 0 ||| qw: Game counter: 3253
     0 | D:1      | 0 ||| qw: Always use a shield: true
     0 | D:1      | 0 ||| qw: God list: Okawaru
     0 | D:1      | 0 ||| qw: Allow faded altars: false
     0 | D:1      | 0 ||| qw: Do Orc after D:15 true
     0 | D:1      | 0 ||| qw: Do second Lair branch before Depths: true
     0 | D:1      | 0 ||| qw: Lair rune preference: random
     0 | D:1      | 0 ||| qw: Plans: Normal
     0 | D:1      | 0 ||| PLANNING D:1-11
   172 | D:1      | Reached skill level 6 in Ranged Weapons
   172 | D:1      | Reached XP level 2. HP: 16/16 MP: 4/4
   911 | D:1      | 911 ||| UPGRADING to +0 pair of gloves.
   916 | D:1      | 916 ||| UPGRADING to amulet of the acrobat.
   921 | D:1      | 921 ||| READING scroll labelled RIJUBL XAYTH.
   922 | D:1      | 922 ||| READING scroll labelled PAGREW IMENLEL.
   923 | D:1      | 923 ||| DROPPING scroll of butterflies.
   957 | D:2      | Reached XP level 3. HP: 20/20 MP: 5/5
  1036 | D:2      | You fall into a shaft and drop 2 floors!
  1042 | D:4      | 1042 ||| UPGRADING to +0 ring mail.
  1052 | D:4      | 1052 ||| UPGRADING to +2 cloak.
  1057 | D:4      | 1057 ||| DROPPING +0 leather armour.
  1060 | D:4      | 1060 ||| FLEEEEING.
  1061 | D:4      | 1061 ||| FLEEEEING.
  1062 | D:4      | 1062 ||| STAIRDANCE
  1181 | D:2      | Noticed Robin
  1186 | D:2      | Killed Robin
  1187 | D:2      | Reached skill level 7 in Ranged Weapons
  1333 | D:2      | Reached XP level 4. HP: 25/25 MP: 6/6
  1878 | D:2      | 1878 ||| UPGRADING to +0 helmet.
  1883 | D:2      | 1883 ||| READING 4 scrolls labelled NITSAI QAYM.
  1884 | D:2      | 1884 ||| READING 3 scrolls of identify.
  1884 | D:2      | 1884 ||| IDENTIFYING lumpy white potion
  1885 | D:2      | 1885 ||| READING 2 scrolls of identify.
  1885 | D:2      | 1885 ||| IDENTIFYING red potion
  1886 | D:2      | 1886 ||| DROPPING potion of magic.
  1970 | D:3      | Reached skill level 8 in Ranged Weapons
  2169 | D:3      | Noticed Ijyb
  2184 | D:3      | Reached skill level 1 in Armour
  2184 | D:3      | Killed Ijyb
  2185 | D:3      | Reached XP level 5. HP: 28/29 MP: 7/7
  2749 | D:3      | 2749 ||| READING scroll labelled TOEJAM VAISE.
  2750 | D:3      | 2750 ||| READING 2 scrolls labelled CEBOGEJIAN.
  2755 | D:3      | 2755 ||| READING scroll labelled EREGUI UFEUJAX.
  2756 | D:3      | 2756 ||| READING scroll labelled JOGUFAOPERISH.
  2757 | D:3      | 2757 ||| READING scroll labelled OTHATAG UXTERE.
  2758 | D:3      | 2758 ||| READING scroll labelled AQECE IZEWK.
  2759 | D:3      | 2759 ||| READING 2 scrolls of identify.
  2759 | D:3      | 2759 ||| IDENTIFYING fuming grey potion
  2761 | D:3      | 2761 ||| Stepping ~*~*~tactically~*~*~ (cloud).
  2873 | D:4      | 2873 ||| STAIRDANCE
  2913 | D:4      | 2913 ||| STAIRDANCE
  3025 | D:4      | 3025 ||| FLEEEEING.
  3026 | D:4      | 3026 ||| FLEEEEING.
  3027 | D:4      | 3027 ||| FLEEEEING.
  3035 | D:4      | 3035 ||| FLEEEEING.
  3037 | D:4      | 3037 ||| FLEEEEING.
  3038 | D:4      | 3038 ||| FLEEEEING.
  3039 | D:4      | 3039 ||| STAIRDANCE
  3059 | D:4      | 3059 ||| STAIRDANCE
  3061 | D:4      | 3061 ||| STAIRDANCE
  3066 | D:4      | 3066 ||| STAIRDANCE
  3068 | D:4      | 3068 ||| STAIRDANCE
  3071 | D:4      | 3071 ||| STAIRDANCE
  3075 | D:3      | HP: 6/29 [poisoned by an orc wizard]
  3076 | D:3      | 3076 ||| READING scroll of teleportation.
  3076 | D:3      | HP: 2/29 [poisoned by an orc wizard]
  3076 | D:3      | Slain by an orc wizard

Levels and vault maps discovered:
D:1:      dpeg_arrival_windows_large_door, layout_basic, serial_curves,
          eino_curves_04, eino_curves_04, amcnicky_mini_pool_small,
          minmay_pentomino_u4
D:2:      layout_basic, minmay_misc_feat_tiny, grunt_ministairs_14,
          minmay_worlds_worst_comb, uniq_robin
D:3:      layout_loops_corners, nicolae_goblin_pals
D:4:      layout_rooms, nicolae_elyvilon_temple_path,
          chequers_serial_rivers_micro_e

Skill      XL: |  1  2  3  4 |
---------------+-------------+-----
Ranged Weapons | 6 7 8 |  8.9
Armour         | 1 |  1.0
Fighting       | |  1.5
Dodging        | |  2.4
Stealth        | |  1.2

Action                     |  1- 3 |  4- 6 || total
---------------------------+-------+-------++-------
   Fire: Shortbow          |   115 |   147 ||   262
    Use: Scroll            |     2 |    11 ||    13
 Armour: Leather armour    |     3 |       ||     3
         Ring mail         |    19 |    59 ||    78
  Dodge: Dodged            |    29 |    57 ||    86

Table legend:
 A = Non-vault XP
 B = Vault XP
 C = Vault XP percentage of total XP
 D = Non-vault monster count
 E = Vault monster count
 F = Vault count percentage of total count
                 A         B        C        D         E       F
            +---------+---------+-------+---------+---------+-------
      Total |     217 |      92 |  29.8 |      64 |      23 |  26.4
            +---------+---------+-------+---------+---------+-------
        D:1 |      35 |       5 |  12.5 |      20 |       3 |  13.0
        D:2 |      63 |      37 |  37.0 |      19 |      12 |  38.7
        D:3 |      69 |      50 |  42.0 |      20 |       8 |  28.6
        D:4 |      50 |       0 |   0.0 |       5 |       0 |   0.0
            +---------+---------+-------+---------+---------+-------
